 Dungeon Crawl Stone Soup version 0.30-a0-939-gc8157cb160 (webtiles) character file.

Game seed: 12035671890031899646

20565 cheesebisquit the Warrior (level 12, -13/124 HPs)
             Began as a Minotaur Hunter on Mar 25, 2023.
             Was a Believer of Qazlal.
             Killed from afar by a rime drake (17 damage)
             ... with an icy flash freeze
             ... on level 9 of the Dungeon.
             The game lasted 00:43:17 (13355 turns).

cheesebisquit the Warrior (Minotaur Hunter)        Turns: 13355, Time: 00:43:18

Health: -13/124    AC: 10    Str: 16    XL:     12   Next: 46%
Magic:  0/20       EV: 18    Int:  6    God:    Qazlal [**....]
Gold:   280        SH:  3    Dex: 19    Spells: 11/11 levels left

rFire   + . .      SeeInvis .    J - +2 arbalest (freeze)
rCold   . . .      Faith    .    (shield currently unavailable)
rNeg    . . .      Spirit   +    z - +3 leather armour {rF+}
rPois   .          Reflect  .    (helmet restricted)
rElec   .          Rampage  .    q - +1 cloak
rCorr   .                        (no gloves)
Will    .....                    e - +1 pair of boots
Stlth   ++                       a - amulet of guardian spirit
HPRegen 0.40/turn                O - +5 ring of evasion
MPRegen 0.17/turn                I - ring of magical power

@: studying Earth Magic, invisible
A: horns 2, retaliatory headbutt
a: Renounce Religion, Upheaval


You were on level 9 of the Dungeon.
You worshipped Qazlal.
Qazlal was pleased with you.
You visited 3 branches of the dungeon, and saw 14 of its levels.
You also visited: Sewer and Ossuary.

You collected 1087 gold pieces.
You spent 807 gold pieces at shops.

Inventory:

Hand Weapons
 J - a +2 arbalest of freezing (weapon)
Missiles
 c - 7 silver javelins
 f - 49 poisoned darts
 p - 6 datura-tipped darts
 y - 6 boomerangs
 A - a curare-tipped dart
 B - 6 boomerangs of dispersal
 G - 4 javelins
Armour
 e - a +1 pair of boots (worn)
 q - a +1 cloak (worn)
 z - a +3 leather armour of fire resistance (worn)
Jewellery
 a - an amulet of guardian spirit (around neck)
 I - a ring of magical power (right hand)
 O - a +5 ring of evasion (left hand)
Wands
 j - a wand of mindburst (12)
 w - a wand of polymorph (3)
 H - a wand of flame (21)
Scrolls
 b - 4 scrolls of immolation
 d - 2 scrolls of blinking
 o - a scroll of vulnerability
 r - a scroll of amnesia {unknown}
 s - 5 scrolls of teleportation
 v - a scroll of fog
 D - a scroll of fear {unknown}
 L - 2 scrolls of magic mapping
 N - a scroll of butterflies {unknown}
Potions
 g - 4 potions of haste
 h - a potion of invisibility
 i - 4 potions of flight
 l - 4 potions of lignification
 m - 3 potions of degeneration
 n - 4 potions of ambrosia
 t - 3 potions of brilliance
 u - a potion of cancellation
 C - 6 potions of might
 F - 4 potions of mutation


   Skills:
 - Level 16.6 Fighting
 + Level 16.3 Ranged Weapons
 - Level 2.9 Dodging
 - Level 1.6 Stealth


You had 11 spell levels left.
You didn't know any spells.
Your spell library contained the following spells:

 Spells                   Type           Power      Damage    Failure   Level
 Apportation              Tloc           0%         N/A       52%         1
 Necrotise                Necr           0%         1d4       52%         1
 Sting                    Tmut/Pois      0%         1d3       52%         1
 Summon Small Mammal      Summ           0%         N/A       52%         1
 Poisonous Vapours        Pois/Air       0%         N/A       67%         2
 Ozocubu's Armour         Ice            0%         N/A       88%         3
 Cause Fear               Hex            0%         N/A       99%         4
 Olgreb's Toxic Radiance  Pois           0%         N/A       99%         4
 Metabolic Englaciation   Hex/Ice        0%         N/A       100%        5
 Simulacrum               Ice/Necr       0%         N/A       100%        6
 Dragon Form              Tmut           0%         N/A       100%        7
 Dragon's Call            Summ           0%         N/A       100%        9


Dungeon Overview and Level Annotations

Branches:
Dungeon (12/15)            Temple (1/1) D:7            Lair (1/5) D:9
    Orc (0/2) D:12          Sewer (visited)         Ossuary (visited)

Altars:
Ashenzari
Cheibriados
Dithmenos
Elyvilon
Fedhas
Gozag
Hepliaklqana
Kikubaaqudgha
Makhleb
Nemelex Xobeh
Okawaru
Qazlal
Ru
Sif Muna
Trog
Uskayaw
Vehumet
Wu Jian
Xom
Yredelemnul
Zin
The Shining One

Shops:
D:1 (   D:5 [   D:6 *

Portals:
Trove: D:10 (give +6 demon blade)


Innate Abilities, Weirdness & Mutations

You have a pair of horns on your head.
You reflexively headbutt those who attack you in melee.


Message History

* * * LOW HITPOINT WARNING * * *
The cane toad stings you.
* * * LOW HITPOINT WARNING * * *
You are poisoned.
The cane toad poisons you!
The rime drake bites you but does no damage.
You feel much better.
You feel very sick. The cane toad stings you.
* * * LOW HITPOINT WARNING * * *
You block the rime drake's attack.
You fade into invisibility!
You feel very sick. You block the cane toad's attack.
The rime drake closely misses you.
Okay, then.
You can't go up here!
Blink to where?
Press: ? - help, Dir - move target, p - rime drake
As you read the scroll of blinking, it crumbles to dust.
You feel very sick.
You feel sick.
You feel sick. The rime drake breathes ice at you.
You block the icy flash freeze.
You feel sick.
You feel sick.
You feel sick.
You feel sick.
You feel sick.
You feel sick.
You are no longer poisoned.
The rime drake breathes ice at you. The icy flash freeze hits you!!
* * * LOW HITPOINT WARNING * * *
You are encased in ice.
The ice encasing you melts away.
There is a stone staircase leading up here.
The rime drake breathes ice at you. The icy flash freeze hits you!!
You die...

...########...# #..# #.####
..............######).######.....
...................)..[..........
.....########....................
###..# #.######...########## #..#
#.# #...# # #..########.#
#...##########
###..........§######...<.........
.............k..@..[.............
...............°.................
.......############.######.......
.....>.# #.# #.......
.......############.######.......
.......[.........................
.....F.#######...######..........
#####..# #...# #.......... #..#
#...# #..........


You could see a rime drake (unable to see you, catching breath).

Vanquished Creatures
  Nessos (D:12)
  Fannar (D:12)
  A vault guard (D:10)
  A two-headed ogre (D:11)
  Urug (D:12)
  2 deep elf pyromancers (D:12)
  A cyclops (D:11)
  2 unseen horrors (D:12)
  A kobold demonologist (D:12)
  Psyche (D:9)
  4 trolls
  Grinder (Sewer)
  A hornet (D:9)
  3 wraiths (D:11)
  A shadow (D:11)
  2 basilisks
  3 vampire mosquitoes (D:12)
  2 steam dragons
  3 acid dragons
  3 orc warriors
  3 sky beasts
  6 phantoms
  6 centaurs
  5 kobold brigands
  An elf zombie (Ossuary)
  6 scorpions
  9 wights
  A troll zombie (D:12)
  8 killer bees
  6 howler monkeys
  A centaur zombie (Ossuary)
  2 quasits (Sewer)
  3 hounds
  6 orc priests
  A sleepcap (D:4)
  A gnoll bouda (D:9)
  Ijyb (D:4)
  Natasha (thrice) (D:4)
  2 iguanas
  11 orc wizards
  5 ogre zombies (D:12)
  3 mummies
  9 adders
  7 gnolls
  A river rat (D:6)
  2 shadow imps (Sewer)
  2 white imps
  5 ufetubi (Sewer)
  3 worms
  3 dart slugs
  21 orcs
  4 bats
  2 bat zombies (Sewer)
  12 endoplasms
  4 giant cockroaches
  A gnoll zombie (Ossuary)
  18 goblins
  8 hobgoblins
  3 jackals (D:4)
  39 kobolds
  4 quokkas
  13 ball pythons
  2 frilled lizards
  A giant cockroach zombie (Sewer)
  2 goblin skeletons (D:12)
  5 goblin zombies
  2 hobgoblin skeletons (D:12)
  6 hobgoblin zombies
  A kobold zombie (D:4)
  3 orc skeletons (D:12)
  13 orc zombies
  6 rats
327 creatures vanquished.

Vanquished Creatures (others)
  An endoplasm (Sewer)
  A kobold zombie (Sewer)
2 creatures vanquished.

Grand Total: 329 creatures vanquished

Notes
Turn   | Place    | Note
-------+----------+-------------------------------------------
     0 | D:1      | cheesebisquit the Minotaur Hunter began the quest for the
                  | Orb.
     0 | D:1      | Reached XP level 1. HP: 18/18 MP: 0/0
    51 | D:1      | Reached skill level 1 in Stealth
   118 | D:1      | Reached XP level 2. HP: 24/25 MP: 1/1
   258 | D:1      | You fall into a shaft and drop 1 floor!
   292 | D:2      | Reached XP level 3. HP: 26/31 MP: 2/2
   598 | D:1      | Found Zuemaucw's Antique Weapon Emporium.
  1149 | D:2      | Found a faded altar of an unknown god.
  1300 | D:2      | Reached skill level 5 in Ranged Weapons
  1863 | D:3      | Reached XP level 4. HP: 26/38 MP: 3/3
  2250 | D:3      | Noticed a scorpion
  2254 | D:3      | Killed a scorpion
  2255 | D:3      | Reached XP level 5. HP: 45/45 MP: 4/4
  3128 | D:4      | Noticed Natasha
  3131 | D:4      | Killed Natasha
  3132 | D:4      | Reached XP level 6. HP: 51/51 MP: 5/5
  3195 | D:4      | Noticed Natasha
  3200 | D:4      | Killed Natasha
  3207 | D:4      | Found a sand-covered staircase.
  3214 | Ossuary  | Entered an ossuary
  3676 | D:4      | Found a snail-covered altar of Cheibriados.
  3765 | D:4      | Noticed Natasha
  3769 | D:4      | Killed Natasha
  3770 | D:4      | Reached XP level 7. HP: 57/57 MP: 6/6
  3839 | D:4      | Noticed Ijyb
  3851 | D:4      | Killed Ijyb
  3959 | D:5      | Entered Level 5 of the Dungeon
  4097 | D:5      | Found Seitwe's Armour Boutique.
  4303 | D:5      | Identified the +1 robe of Eternal Vigilance {Will+ Int-5
                  | Dex+6}
  4480 | D:5      | Reached skill level 10 in Ranged Weapons
  5119 | D:5      | Bought a +3 leather armour of fire resistance for 312 gold
                  | pieces
  5242 | D:6      | Reached XP level 8. HP: 59/63 MP: 7/7
  5332 | D:6      | Found Leimn's Neck Hole.
  5981 | D:6      | Found a glowing drain.
  5990 | Sewer    | Entered a sewer
  6078 | Sewer    | Found a burning altar of Makhleb.
  6138 | Sewer    | Noticed Grinder
  6147 | Sewer    | Reached XP level 9. HP: 70/70 MP: 8/8
  6166 | Sewer    | Killed Grinder
  6659 | D:6      | Found a radiant altar of Vehumet.
  6659 | D:6      | Found a sparkling altar of Nemelex Xobeh.
  7320 | D:7      | Found a glowing silver altar of Zin.
  7405 | D:7      | Reached skill level 5 in Fighting
  7464 | D:7      | Found a staircase to the Ecumenical Temple.
  7889 | D:1      | Bought a glowing arbalest for 165 gold pieces
  8110 | Temple   | Entered the Ecumenical Temple
  8167 | Temple   | Became a worshipper of Qazlal Stormbringer
  8235 | D:8      | Found an iron altar of Okawaru.
  8251 | D:8      | Found a burning altar of Makhleb.
  8849 | D:8      | Found a white marble altar of Elyvilon.
  8871 | D:8      | Found a hazy altar of Hepliaklqana.
  9030 | D:9      | Reached XP level 10. HP: 75/91 MP: 9/9
  9237 | D:9      | Found a shimmering altar of Xom.
  9313 | D:9      | Noticed Psyche
  9317 | D:9      | Killed Psyche
  9353 | D:9      | Found a staircase to the Lair.
  9592 | D:10     | Entered Level 10 of the Dungeon
  9613 | D:10     | Reached * piety under Qazlal
  9614 | D:10     | Reached skill level 10 in Fighting
  9978 | D:10     | Noticed a vault guard
  9986 | D:10     | Killed a vault guard
  9990 | D:10     | Found a portal to a secret trove of treasure.
 10624 | D:11     | Noticed a cyclops
 10626 | D:11     | Killed a cyclops
 10665 | D:11     | Noticed a two-headed ogre
 10671 | D:11     | Killed a two-headed ogre
 11447 | D:11     | Reached XP level 11. HP: 116/116 MP: 10/10
 11659 | D:12     | Noticed Urug
 11669 | D:12     | Killed Urug
 11670 | D:12     | Reached XP level 12. HP: 83/124 MP: 11/11
 12174 | D:12     | Reached skill level 15 in Ranged Weapons
 12217 | D:12     | Noticed Fannar
 12222 | D:12     | Reached ** piety under Qazlal
 12236 | D:12     | Killed Fannar
 12529 | D:12     | Found a staircase to the Orcish Mines.
 12650 | D:12     | Noticed Nessos
 12660 | D:12     | Killed Nessos
 13211 | D:6      | Bought an amulet of guardian spirit for 330 gold pieces
 13316 | Lair:1   | Entered Level 1 of the Lair of Beasts
 13351 | D:9      | HP: 2/124 [rime drake/icy flash freeze (24)]
 13355 | D:9      | Killed from afar by a rime drake

Illustrated notes

Levels and vault maps discovered:
D:1:      minmay_arrival_radiant_lines, layout_basic, serial_shops,
          nicolae_shop_crystal
D:2:      layout_loops_cross, nicolae_ecumenical_oubliette
D:3:      layout_loops_corners, nicolae_concentric_dashed_squares_mild
D:4:      kennysheep_goblin_castle, layout_basic, lemuel_round_altar,
          nicolae_ossuary_entry_giza, chequers_serial_rivers_room_b,
          uniq_natasha
D:5:      layout_basic, serial_curves, eino_curves_02, eino_curves_03,
          serial_shops, nicolae_shop_statue_plus, minmay_manual_macuahuitl
D:6:      layout_loops_corners, gammafunk_temple_overflow_pools,
          portal_sewer_entry_b, corexii_shack, nicolae_shop_sticking_my_neck_out
D:7:      lemuel_ice_spiral_2, layout_rooms, mainiacjoe_overflow_paths,
          minmay_temple_entry_mist, serial_curves, eino_curves_01,
          eino_curves_04, minmay_splitting_lines, eino_tiny_chamber
D:8:      layout_loops_ring, kennysheep_mini, mainiacjoe_overflow_big_doors,
          mainiacjoe_overflow_boulevard, hangedman_decor_growths
D:9:      layout_long_grid, kennysheep_little_box, lair_entry_dummy, uniq_psyche
D:10:     layout_cave_pods, enter_trove_5
D:11:     layout_cave_pools, nicolae_figureground_sparkle
D:12:     layout_roguey, zombieorc1_lemuel, kennysheep_small_circle,
          uniq_nessos, uniq_urug, uniq_fannar
Temple:   cyrus_circular_temple
Lair:1:   layout_gridlike

Skill      XL: |  1  2  3  4  5  6  7  8  9 10 11 12 |
---------------+-------------------------------------+-----
Stealth        | 1 |  1.6
Fighting       | 3 9 16 | 16.6
Ranged Weapons | 5 6 7 8 10 13 14 16 | 16.3
Dodging        | |  2.9

Action                     |  1- 3 |  4- 6 |  7- 9 | 10-12 || total
---------------------------+-------+-------+-------+-------++-------
  Melee: Sling             |       |       |     3 |       ||     3
   Fire: Shortbow          |    79 |       |       |       ||    79
         Sling             |    37 |   181 |   385 |       ||   603
         Arbalest          |       |       |    45 |   262 ||   307
    Use: Scroll            |       |     4 |     8 |     8 ||    20
         Potion            |       |       |     8 |    10 ||    18
 Armour: Leather armour    |    15 |    18 |    60 |    87 ||   180
  Dodge: Dodged            |    43 |    34 |   125 |   112 ||   314
  Block: Other             |       |       |       |    16 ||    16

Table legend: (Time is in decaauts)
 A = Elapsed time spent in this place.
 B = Non-inter-level travel time spent in this place.
 C = Inter-level travel time spent in this place.
 D = Time resting spent in this place.
 E = Time spent auto-exploring this place.
 F = Levels seen in this place.
 G = Mean time per level.
                   A        B        C        D        E       F      G
               +--------+--------+--------+--------+--------+-----+--------+
         Total |  13423 |  12072 |   1351 |    705 |   9325 |  16 |  838.9 |
       Dungeon |  12794 |  11464 |   1330 |    705 |   8946 |  12 | 1066.2 |
        Temple |     65 |     44 |     21 |      0 |     34 |   1 |   65.0 |
          Lair |     18 |     18 |      0 |      0 |      0 |   1 |   18.0 |
         Sewer |    357 |    357 |      0 |      0 |    233 |   1 |  357.0 |
       Ossuary |    187 |    187 |      0 |      0 |    111 |   1 |  187.0 |
               +--------+--------+--------+--------+--------+-----+--------+

Top non-repeatable levels by time:
    D:12: 1463 daAuts
    D:10: 1399 daAuts
     D:1: 1307 daAuts
     D:6: 1296 daAuts
     D:5: 1262 daAuts
     D:3: 1249 daAuts
     D:7: 949 daAuts
     D:4: 928 daAuts
    D:11: 798 daAuts
     D:9: 768 daAuts
     D:8: 732 daAuts
     D:2: 637 daAuts
   Sewer: 357 daAuts
 Ossuary: 187 daAuts
  Temple: 65 daAuts
